 Dungeon Crawl Stone Soup version 0.32-a0-114-g70af1cc7 (webtiles) character file.

Game seed: 14533229423322504429

333 staltz the Insei (level 6, -2/43 HPs)
             Began as a Djinni Shapeshifter on Feb 4, 2024.
             Was an Initiate of Makhleb.
             Slain by a gnoll
             ... wielding a +0 spear
             ... led by a gnoll bouda
              (8 damage)
             ... on level 4 of the Dungeon on Feb 6, 2024.
             The game lasted 00:16:28 (3362 turns).

staltz the Insei (Djinni Shapeshifter)              Turns: 3362, Time: 00:16:29

Health: -2/43      AC:  3    Str: 13    XL:     6   Next: 83%
Gold:   39         EV: 13    Int: 11    God:    Makhleb [......] SH:  0 Dex: 15

rFire   + +          .
                       - Unarmed
rCold   x . .        (no shield)
rNeg    . . .        a - +1 animal skin
rPois   ∞            (helmet currently unavailable)
rElec   .            (cloak currently unavailable)
rCorr   .            (gloves currently unavailable)
SInv    .            (boots unavailable)
Will    .....        (no amulet)
Stlth   ++           (no ring)
HPRegen 0.27/turn    (no ring)
MPRegen 0.00/turn

%: infuse magic (-3 HP)
@: mighty, beast-form, flying, hasted, very quick
A: beast (slay +1), flying, sickness immunity, fire resistance 2, cold
vulnerability 1, float, innate caster, HP casting, extra vitality 1
a: Begin Untransformation, Renounce Religion


You were on level 4 of the Dungeon.
You worshipped Makhleb.
Makhleb was noncommittal.
You were a hulking beast.
You visited 1 branch of the dungeon, and saw 4 of its levels.

You collected 207 gold pieces.
You spent 168 gold pieces at shops.

Inventory:

Missiles
 b - a throwing net
 m - 3 poisoned darts (quivered)
Armour
 a - a +1 animal skin (worn)
Talismans
 c - a beast talisman (active)
 d - a flux talisman
 e - a dragon-blood talisman
 k - a maw talisman
Scrolls
 f - 3 scrolls of enchant armour
 h - a scroll of revelation
 j - a scroll of silence
 n - 3 scrolls of identify
 p - a scroll of amnesia {unknown}
Potions
 g - 2 potions of might
 i - a potion of curing
 l - a potion of degeneration {unknown}


   Skills:
 + Level 1.8 Fighting
 + Level 0.3 Throwing
 + Level 3.8 Dodging
 + Level 0.9 Stealth
 + Level 5.1 Unarmed Combat
 + Level 1.0 Spellcasting
 + Level 1.0 Conjurations
 + Level 1.0 Hexes
 + Level 1.0 Summonings
 + Level 1.0 Necromancy
 + Level 1.0 Translocations
 + Level 1.0 Fire Magic
 + Level 1.0 Ice Magic
 + Level 1.0 Air Magic
 + Level 1.0 Earth Magic
 + Level 1.0 Alchemy
 + Level 3.4 Shapeshifting


You knew the following spells:

 Your Spells              Type           Power      Damage    Failure   Level
a - Foxfire               Conj/Fire      8%         2x1d4     22%         1
b - Searing Ray           Conj           4%         2d4       32%         2
Your spell library was empty.

Dungeon Overview and Level Annotations

Branches:
Dungeon (4/15)
 Temple: D:4-7

Altars:
Cheibriados
Makhleb
Zin

Shops:
D:3 *

Annotations:
D:3 2 transporters, Decysan's ghost, amateur SpHs
D:4 Ijyb


Innate Abilities, Weirdness & Mutations

You are a hulking beast.
Your limbs bulge with bestial killing power. (Slay +1)
You are flying.
You are immune to sickness and miasma.
You are immune to poison.
Your flesh is very heat resistant. (rF++)
You are vulnerable to cold. (rC-)
You float through the air rather than walking.
You learn spells naturally, not from books.
Your magical power is your life essence.
You have superior vitality. (+4 MHP)


Message History

The gnoll bouda closely misses you.
It was a potion of might.
You feel very mighty all of a sudden.
The gnoll hits you from afar with a +0 spear.
* * * LOW HITPOINT WARNING * * *
The gnoll misses you.
Unknown command.
It was a potion of curing.
You feel better.
The gnoll is no longer moving quickly.
The gnoll bouda barely misses you. The gnoll misses you.
The gnoll closely misses you.
Okay, then.
You closely miss the gnoll bouda.
Unknown command.
Unknown command.
The gnoll bouda barely misses you.
The gnoll hits you from afar with a +0 spear.
* * * LOW HITPOINT WARNING * * *
The gnoll attacks as it pursues you! The gnoll misses you.
Unknown command.
You hit the gnoll bouda.
The gnoll bouda is moderately wounded.
Your attacks no longer feel as feeble.
The gnoll bouda barks out a call to the hunt!
The gnolls pick up the pace!
The gnoll barely misses you.
You punch the gnoll bouda!
The gnoll bouda is severely wounded.
The gnoll closely misses you.
You hit the gnoll bouda.
The gnoll bouda is almost dead.
The gnoll bouda calls upon its god to heal the gnoll.
The gnoll is healed somewhat.
The gnoll barely misses you. The gnoll closely misses you.
You hit the gnoll bouda.
You kill the gnoll bouda!
Makhleb accepts your kill.
Unknown command.
The gnoll attacks as it pursues you!
The gnoll hits you from afar with a +0 spear!
You die...

...... ...S.
.g........##.... ..
.........#..o. ..
#............ .
#..........(. .##.
........o.#
....###......og####
..............o.#.###
.......##.....g.h...##
......<#....$####....#
#............####.##..#
........##......<....##
##...................#
....##.....##.........#
#......#...##...........
.#....##...###...........
.#.##. ....#.....$......


You could see 2 gnolls and 3 orcs.

Vanquished Creatures
  A scorpion (D:4)
  A hound (D:3)
  A gnoll bouda (D:4)
  3 adders
  9 gnolls
  3 dart slugs
  3 ribbon worms
  7 ball pythons
  4 bats
  7 endoplasms
  3 giant cockroaches
  8 goblins
  6 hobgoblins
  10 jackals
  5 quokkas
  5 frilled lizards
  5 kobolds
  5 rats
86 creatures vanquished.

Vanquished Creatures (others)
  80 foxfires
80 creatures vanquished.

Grand Total: 166 creatures vanquished

Notes
Turn   | Place    | Note
-------+----------+-------------------------------------------
     0 | D:1      | staltz the Djinni Shapeshifter began the quest for the Orb.
     0 | D:1      | Reached XP level 1. HP: 17/17 MP: 0/0
    61 | D:1      | Upgraded the game from 0.32-a0-43-g058985b to
                  | 0.32-a0-86-g8db1b9f
    61 | D:1      | Upgraded the game from 0.32-a0-86-g8db1b9f to
                  | 0.32-a0-114-g70af1cc7
   117 | D:1      | Reached skill level 1 in Spellcasting
   117 | D:1      | Reached skill level 1 in Conjurations
   117 | D:1      | Reached skill level 1 in Hexes
   117 | D:1      | Reached skill level 1 in Summonings
   117 | D:1      | Reached skill level 1 in Necromancy
   117 | D:1      | Reached skill level 1 in Translocations
   117 | D:1      | Reached skill level 1 in Fire Magic
   117 | D:1      | Reached skill level 1 in Ice Magic
   117 | D:1      | Reached skill level 1 in Air Magic
   117 | D:1      | Reached skill level 1 in Earth Magic
   117 | D:1      | Reached skill level 1 in Alchemy
   252 | D:1      | Reached XP level 2. HP: 19/22 MP: 0/0
   539 | D:1      | Reached XP level 3. HP: 27/27 MP: 0/0
   539 | D:1      | Learned a level 1 spell: Foxfire
  1156 | D:2      | Reached XP level 4. HP: 29/32 MP: 0/0
  1222 | D:2      | Found a faded altar of an unknown god.
  1883 | D:3      | Found a transporter.
  1883 | D:3      | Noticed Decysan's ghost (amateur SpHs)
  2143 | D:3      | Reached XP level 5. HP: 37/37 MP: 0/0
  2143 | D:3      | Learned a level 2 spell: Searing Ray
  2156 | D:2      | Reached skill level 4 in Unarmed Combat
  2285 | D:3      | Found a transporter.
  2436 | D:3      | Found a burning altar of Makhleb.
  2440 | D:3      | Became a worshipper of Makhleb the Destroyer
  2461 | D:3      | Found a glowing silver altar of Zin.
  2496 | D:3      | Found Cipsycac's General Store.
  2502 | D:3      | Found a snail-covered altar of Cheibriados.
  2513 | D:3      | Bought a scroll of identify for 28 gold pieces
  2513 | D:3      | Bought a potion of haste for 140 gold pieces
  2985 | D:3      | Reached XP level 6. HP: 37/42 MP: 0/0
  3066 | D:4      | Reached skill level 5 in Unarmed Combat
  3145 | D:4      | Noticed Ijyb
  3354 | D:4      | HP: 4/43 [gnoll/+0 spear[a gnoll bouda] (1)]
  3362 | D:4      | Slain by a gnoll

Illustrated notes

Levels and vault maps discovered:
D:1:      scummos_arrival_checkerplants, layout_loops_cross,
          grunt_decor_one_mirror
D:2:      layout_rooms, shapermc_ecumenical_altar_venn, dk_noncrumbling_2,
          st_stairs_10, minmay_3d_cube
D:3:      layout_basic, marbit_many_paths, zin_treasury,
          mainiacjoe_overflow_alcove_4, gammafunk_ghost_arena, serial_shops,
          shop
D:4:      black_bear_nest_1, layout_cave_pools, kennysheep_little_box,
          uniq_ijyb, uniq_crazy_yiuf_cottage

Skill      XL: |  1  2  3  4  5  6 |
---------------+-------------------+-----
Spellcasting   | 1 |  1.0
Conjurations   | 1 |  1.0
Hexes          | 1 |  1.0
Summonings     | 1 |  1.0
Necromancy     | 1 |  1.0
Translocations | 1 |  1.0
Fire Magic     | 1 |  1.0
Ice Magic      | 1 |  1.0
Air Magic      | 1 |  1.0
Earth Magic    | 1 |  1.0
Alchemy        | 1 |  1.0
Shapeshifting  | 3 |  3.4
Unarmed Combat | 4 5 |  5.1
Dodging        | 3 |  3.8
Fighting       | |  1.8
Throwing       | |  0.3
Stealth        | |  0.9

Action                     |  1- 3 |  4- 6 || total
---------------------------+-------+-------++-------
  Melee: Unarmed           |    91 |   147 ||   238
         Punch             |     3 |     6 ||     9
  Throw: Stone             |     6 |       ||     6
         Dart              |       |     6 ||     6
   Cast: Foxfire           |     4 |    44 ||    48
         Searing Ray       |       |     1 ||     1
    Use: Scroll            |       |     3 ||     3
         Potion            |       |     5 ||     5
   Stab: Sleeping          |     1 |       ||     1
 Armour: Animal skin       |    31 |   105 ||   136
         Skin              |       |    27 ||    27
  Dodge: Dodged            |    45 |   123 ||   168
   Form: Dragon            |     1 |       ||     1
         Beast             |     1 |       ||     1

Table legend: (Time is in decaauts)
 A = Elapsed time spent in this place.
 B = Non-inter-level travel time spent in this place.
 C = Inter-level travel time spent in this place.
 D = Time resting spent in this place.
 E = Time spent auto-exploring this place.
 F = Levels seen in this place.
 G = Mean time per level.
                   A        B        C        D        E       F      G
               +--------+--------+--------+--------+--------+-----+--------+
         Total |   3347 |   3233 |    114 |    992 |   1337 |   4 |  836.8 |
       Dungeon |   3347 |   3233 |    114 |    992 |   1337 |   4 |  836.8 |
               +--------+--------+--------+--------+--------+-----+--------+

Top non-repeatable levels by time:
     D:3: 1278 daAuts
     D:2: 997 daAuts
     D:1: 950 daAuts
     D:4: 120 daAuts
